 Dungeon Crawl Stone Soup version 0.26-a0-651-gb41185065b (webtiles) character file.

Game seed: 16261075808115020474

(classic levelgen) 133727 EnegeticOcto the Severer (level 15, -4/126 HPs)
             Began as a Deep Dwarf Fighter on Oct 22, 2020.
             Was the Champion of Ru.
             Slain by an apocalypse crab (14 damage)
             ... summoned by a monstrous corrupter
             ... on level 4 of the Abyss.
             The game lasted 00:50:18 (5341 turns).

EnegeticOcto the Severer (Deep Dwarf Fighter)       Turns: 5341, Time: 00:50:19

Health: -4/126     AC: 15    Str: 27      XL:     15   Next: 95%
Magic:  6/6        EV:  5    Int:  8 (9)  God:    Ru [******]
Gold:   278        SH:  0    Dex:  9 (11) Spells: 29/31 levels left

rFire    + . .     SeeInvis .   x - +4 war axe (freeze)
rCold    . . .     Faith    .   c - +0 kite shield
rNeg     + . .     Spirit   .   e - +0 plate armour
rPois    +         Reflect  +   C - +2 hat {Int+3}
rElec    .         Harm     .   f - scarf {rC+ rF+}
rCorr    .         Rampage  +   K - +0 pair of fencer's gloves {Riposte Dex+3}
MR       +++..     Rnd*Rage +   z - +2 pair of boots {rampage}
Stlth    ..........             t - amulet of reflection
HPRegen  0.00/turn              i - ring of poison resistance
MPRegen  0.10/turn              A - +4 ring of protection

@: mighty, exhausted, petrifying, no potions, contaminated, non-regenerating,
glowing, heavily drained, very slow
A: damage resistance, heal wounds, fangs 1, berserk 1, [clumsy 2], deformed
body, deterioration 2, [dopey 1], fire resistance 1, frail 1, low mp 1, magic
resistance 1, negative energy resistance 1, sense surroundings 2, [screaming 1],
[no potion heal 2], subdued magic 1[+2], inability to drink while threatened,
inability to train armour, no earth magic, no necromancy magic, no
transmutations magic, temperature sensitive, no regeneration
}: 2/15 runes: decaying, serpentine
a: Heal Wounds, Draw Out Power, Power Leap, Apocalypse, Renounce Religion


You were on level 4 of the Abyss.
You worshipped Ru.
Ru was exalted by your worship.
You visited 5 branches of the dungeon, and saw 28 of its levels.
You visited the Abyss 2 times.
You also visited: Gauntlet.

You collected 1506 gold pieces.
You spent 1228 gold pieces at shops.

Inventory:

Hand Weapons
 a - a +0 broad axe
 x - a +4 war axe of freezing (weapon)
 W - a +1 dagger of distortion
Missiles
 X - 9 curare-tipped darts (quivered)
Armour
 c - a +0 kite shield (worn)
 e - a +0 plate armour (worn)
 f - a scarf of resistance (worn)
 y - a +0 plate armour of fire resistance
 z - a +2 pair of boots of rampaging (worn)
 C - a +2 hat of intelligence (worn)
 D - a +1 cloak
 G - the +1 ring mail of Anaesthesia {rPois rF+ Int+4}
   (You found it on level 4 of the Lair of Beasts)

   It affects your intelligence (+4).
   It protects you from fire.
   It protects you from poison.
 I - a +0 tower shield
 K - the +0 pair of fencer's gloves (worn) {Riposte Dex+3}
   (You found it in a Gauntlet)

   It affects your dexterity (+3).
 T - +0 ice dragon scales
Magical Staves
 O - an uncursed staff of air
Jewellery
 b - an uncursed ring of protection from fire
 i - a ring of poison resistance (left hand)
 t - an amulet of reflection (around neck)
 A - a +4 ring of protection (right hand)
 N - a +6 ring of intelligence
 P - an uncursed ring of see invisible
Wands
 o - a wand of digging (5) {@v3}
 u - a wand of polymorph (10)
 H - a wand of disintegration (18)
 M - a wand of paralysis (3)
 R - a wand of random effects (7)
 S - a wand of acid (5) {@v1}
Scrolls
 E - 2 scrolls of fear
 J - a scroll of remove curse {@r2}
Potions
 d - a potion of might {@q3}
 g - a potion of resistance {@q5}
 h - a potion of flight
 j - a potion of ambrosia {unknown}
 l - 2 potions of heal wounds {@q2}
 m - 2 potions of brilliance
 n - 4 potions of curing {@q1}
 p - a potion of lignification {unknown}
 q - 3 potions of stabbing
 r - 3 potions of berserk rage
 s - 3 potions of invisibility
 v - 2 potions of haste {unknown}
 w - a potion of magic {unknown}
Miscellaneous
 B - a tin of tremorstones (1/3)
 F - a box of beasts (3/3)
 V - a condenser vane (inert)


   Skills:
 + Level 10.4(9.1) Fighting
 * Level 19.4(17.8) Axes
 + Level 10.2(8.8) Dodging
 + Level 11.0(9.6) Shields
 + Level 8.6(7.3) Spellcasting
 + Level 12.2(10.7) Evocations


You had 29 spell levels left.
You knew the following spells:

 Your Spells              Type           Power        Failure   Level
a - Blink                 Tloc           N/A          100%        2

Your spell library contained the following spells:

 Spells                   Type           Power        Failure   Level
 Magic Dart               Conj           #...         99%         1
 Call Imp                 Summ           #.......     100%        2
 Slow                     Hex            #.......     100%        2
 Conjure Flame            Conj/Fire      #.......     100%        3
 Mephitic Cloud           Conj/Pois/Air  #.......     100%        3


Dungeon Overview and Level Annotations

Branches:
Dungeon (13/15)            Temple (0/1) D:7            Lair (5/6) D:9
  Swamp (4/4) Lair:4        Snake (4/4) Lair:4          Orc (2/2) D:12
    Elf (0/3) Orc:2       Gauntlet (visited)
  Slime: Lair:5-6    Vaults: D:13-14

Altars:
Makhleb
Nemelex Xobeh
Ru
Trog
Vehumet
Xom
Yredelemnul
Beogh

Shops:
D:12 [   Orc:1 !}(:[   Orc:2 ==[=

Annotations:
Lair:4 1 runed translucent door, Quyjis's ghost, journeyman DDGl
Snake:1 Frances


Innate Abilities, Weirdness & Mutations

You are resistant to damage.
You can heal yourself by infusing magical energy.
You resist negative energy. (rN+)
You passively map the area around you.
You cannot drink potions while threatened.
You cannot train Armour skill.
You cannot study or cast Earth magic.
You cannot study or cast Necromancy magic.
You cannot study or cast Transmutations magic.
You are sensitive to extremes of temperature. (rF-, rC-)
You do not regenerate.
You have very sharp teeth.
You tend to lose your temper in combat.
Armour fits poorly on your strangely shaped body.
Your body often deteriorates upon taking damage.
Your flesh is heat resistant. (rF+)
You are frail. (-10% HP)
Your magical capacity is low. (-10% MP)
You are resistant to hostile enchantments. (MR+)
[You are very clumsy. (Dex -4)]
[You are dopey. (Int -2)]
[You occasionally shout uncontrollably at your foes.]
[Potions are poor at restoring your health.]
[Your spells are much easier to cast, but much less powerful.]


Message History

The monstrous corrupter gores you but does no damage.
You are restored by drawing out deep reserves of power within.
You feel drained.
The apocalypse crab begins to attack, but is stunned by your will!
The ynoxinul gestures.
You block the tentacled starspawn's attack.
The tentacled starspawn engulfs you.
The monstrous corrupter calls forth creatures from the Abyss!
Your plate armour prevents you from hitting the tentacled starspawn.
You bite the tentacled starspawn, but do no damage.
The tentacled starspawn is heavily damaged.
You slash the monstrous corrupter! You freeze the monstrous corrupter.
You hit the ufetubus.
The ynoxinul begins to attack, but is stunned by your will!
The tentacled starspawn begins to attack, but is stunned by your will!
The ufetubus is stunned by your will and fails to attack.
You block the monstrous corrupter's attack.
The monstrous corrupter claws you.
You focus your will and blind the monstrous corrupter in retribution!
The monstrous corrupter gores you.
You hit the tentacled starspawn. You freeze the tentacled starspawn.
The tentacled starspawn is severely damaged.
You hit the monstrous corrupter but do no damage.
Your shield prevents you from hitting the ufetubus.
The monstrous corrupter stops glowing.
A starcursed mass splits.
You redirect the ufetubus's attack!
The ufetubus hits itself. x2
The ufetubus dies!
You redirect the apocalypse crab's attack!
The apocalypse crab breathes chaos at the starcursed mass.
The blast of chaos engulfs the starcursed mass.
The starcursed mass is blasted!
The starcursed mass shudders and is absorbed by its neighbour.
The tentacled starspawn is engulfed in seething chaos.
You block the tentacled starspawn's attack.
The tentacled starspawn engulfs you but does no damage.
You barely miss the tentacled starspawn.
You bite the tentacled starspawn.
The tentacled starspawn is severely damaged.
You slash the guardian serpent! You freeze the guardian serpent.
Your shield prevents you from hitting the apocalypse crab.
You hit the monstrous corrupter but do no damage.
You are engulfed in seething chaos.
You feel very mighty all of a sudden.
The monstrous corrupter is engulfed in seething chaos.
The monstrous corrupter seems to slow down.
The monstrous corrupter hits you!
You block the monstrous corrupter's attack. x2
The guardian serpent hits you!
The apocalypse crab is stunned by your will and fails to attack.
The apocalypse crab is engulfed in seething chaos.
You strike the helpless tentacled starspawn from behind!
You slice the tentacled starspawn!! You freeze the tentacled starspawn.
The tentacled starspawn is almost destroyed.
You closely miss the guardian serpent. You slash the apocalypse crab!
You strike the helpless monstrous corrupter from behind!
You slash the monstrous corrupter! You freeze the monstrous corrupter.
You are engulfed in seething chaos.
The tentacled starspawn is engulfed in seething chaos.
The guardian serpent hits you!
The starcursed mass is engulfed in seething chaos.
The starcursed mass suddenly stops moving!
The large abomination is engulfed in seething chaos.
The large abomination seems to grow stronger.
The monstrous corrupter is engulfed in seething chaos.
Your body shudders with the violent release of wild energies!
You feel less energetic.
You slash the large abomination! You freeze the large abomination.
Your bite misses the large abomination.
The large abomination is moderately damaged.
You slash the apocalypse crab! You slash the monstrous corrupter!
You freeze the monstrous corrupter. You miss the guardian serpent.
You are engulfed in seething chaos.
You are slowing down.
The guardian serpent hits you!
You redirect the ynoxinul's attack!
The apocalypse crab is engulfed in seething chaos.
The tentacled starspawn is engulfed in seething chaos.
The tentacled starspawn begins to attack, but is stunned by your will!
The starcursed mass is engulfed in seething chaos.
The large abomination is engulfed in seething chaos.
The large abomination hits you!!!
* * * LOW HITPOINT WARNING * * *
You hear an angry hiss.
You hear a roar!
You hear a shout!
You fail to use your ability.
The starcursed mass disappears in a puff of smoke!
The guardian serpent casts a spell at you.
The bolt of poison hits you. You resist.
The bolt of poison hits the large abomination.
The large abomination completely resists.
The bolt of poison misses the tentacled starspawn.
The apocalypse crab bites you but does no damage.
The apocalypse crab claws you but does no damage.
The guardian serpent completely misses you.
The ufetubus hits you but does no damage. x2
The large abomination hits you.
* * * LOW HITPOINT WARNING * * *
The apocalypse crab bites you.
You are engulfed in flames.
You resist. The apocalypse crab claws you. The apocalypse crab freezes you!!
You die...

#φ..#.. # #.
..#.... ... ##.
.*. #.
......... ... #
...+ #.# #..#
.#. ####
#...##.##......
#. .........###
# #..##...##
##..## # .
##S3#......
#@6..#### .
#.§XXt5###
.......#.#
.#.#..##.# ..
#.# ... .# #...
.( ..## .. ..


You could see a tentacled starspawn (blind), a monstrous corrupter (blind,
slow), an apocalypse crab (summoned), a large abomination (strong), a guardian
serpent, a ynoxinul and an ufetubus (summoned).

Vanquished Creatures
  Gastronok (D:9)
  Donald (Swamp:3)
  6 nagarajas (Snake:4)
  Louise (Swamp:3)
  A cacodemon (Abyss:4)
  A minotaur (Gauntlet)
  9 hydras
  2 ghost crabs
  11 naga warriors
  An ice dragon (Swamp:4)
  2 anacondas (Snake:4)
  5 alligators
  2 death scarabs (Gauntlet)
  5 death yaks
  A hell hog (Abyss:4)
  A thrashing horror (Abyss:4)
  2 shock serpents (Snake:4)
  3 orc high priests (Orc:2)
  2 wretched stars
  6 naga sharpshooters (Snake:4)
  2 salamander mystics
  A spatial maelstrom (Abyss:4)
  3 spriggan druids (Swamp:4)
  2 glowing orange brains (Abyss:4)
  7 swamp dragons (Swamp:4)
  A spectral hydra (Gauntlet)
  4 naga ritualists (Snake:4)
  6 orc knights
  2 mana vipers (Snake:4)
  An ugly thing (D:10)
  4 orc sorcerers (Orc:2)
  2 moths of wrath (Swamp:4)
  2 guardian serpents
  6 salamanders
  16 black mambas
  Maurice (D:9)
  16 naga magi
  7 cane toads
  3 komodo dragons
  A rime drake (Lair:3)
  2 yaktaurs (D:12)
  An efreet (Abyss:4)
  A polar bear (Lair:4)
  An ancient zyme (Abyss:4)
  2 hornets (Lair:4)
  2 trolls
  4 tyrant leeches
  5 raiju (Abyss:4)
  8 blink frogs (Lair:4)
  2 bog bodies
  6 hippogriffs
  A flying skull (Gauntlet)
  3 wraiths
  A redback (Snake:2)
  3 wyverns
  24 yaks
  A neqoxec (Abyss:4)
  3 vampire mosquitoes (Swamp:1)
  2 steam dragons
  2 insubstantial wisps (Swamp:4)
  3 swamp worms
  2 wargs
  2 large abominations (Abyss:4)
  34 nagas
  3 porcupines
  5 water moccasins (Lair:4)
  3 ice beasts
  15 orc warriors
  2 sky beasts
  9 swamp drakes
  5 ogres
  7 wolves (Lair:1)
  A centaur (D:10)
  2 big kobolds
  4 crocodiles
  3 bullfrogs
  A gnoll sergeant (D:7)
  3 scorpions
  2 small abominations (Abyss:4)
  3 wights (D:6)
  3 electric eels
  A howler monkey (D:9)
  A quasit (D:10)
  9 starcursed masses
  15 orc priests
  3 bullfrog skeletons
  A hound (D:9)
  3 jellies
  An iguana (D:4)
  16 orc wizards
  7 worker ants
  2 worker ant zombies
  11 gnolls
  11 adders
  3 shadow imps
  3 white imps
  An ufetubus (D:3)
  2 adder skeletons (D:8)
  A worm (D:6)
  A dart slug (D:1)
  3 leopard geckos
  58 orcs
  A bat (D:1)
  2 giant cockroaches
  5 goblins
  2 hobgoblins
  12 kobolds
  5 quokkas
  A frilled lizard (D:1)
  A leopard gecko skeleton (D:4)
  A rat (D:1)
519 creatures vanquished.

Vanquished Creatures (others)
  A thorn hunter (Swamp:3)
  A hydra (Swamp:4)
  A naga sharpshooter (Snake:1)
  A spectral death yak (Gauntlet)
  A naga mage (Snake:4)
  A troll (Orc:1)
  A tyrant leech (Swamp:1)
  A yak (D:12)
  A large abomination (Abyss:4)
  A swamp drake (Swamp:4)
  An eye of draining (Abyss:4)
  A centaur (D:11)
  A gnoll (D:12)
  A kobold (D:3)
  A frilled lizard (D:3)
  14 fungi
  55 plants
  2 starspawn tentacles (Abyss:3)
  3 withered plants (Gauntlet)
89 creatures vanquished.

Grand Total: 608 creatures vanquished

Notes
Turn   | Place    | Note
-------+----------+-------------------------------------------
     0 | D:1      | EnegeticOcto the Deep Dwarf Fighter began the quest for the
                  | Orb.
     0 | D:1      | Reached XP level 1. HP: 20/20 MP: 1/1
   110 | D:1      | Reached skill level 3 in Axes
   110 | D:1      | Reached XP level 2. HP: 22/27 MP: 2/2
   220 | D:3      | Found a sacrificial altar of Ru.
   255 | D:3      | Reached XP level 3. HP: 31/33 MP: 2/2
   257 | D:3      | Became a worshipper of Ru the Awakened
   277 | D:3      | Found a radiant altar of Vehumet.
   299 | D:3      | Reached skill level 4 in Axes
   313 | D:3      | Found a shimmering altar of Xom.
   466 | D:4      | Reached XP level 4. HP: 17/40 MP: 3/3
   496 | D:4      | Reached skill level 5 in Axes
   516 | D:4      | Found a burning altar of Makhleb.
   540 | D:4      | Noticed an ogre
   543 | D:4      | Reached XP level 5. HP: 45/46 MP: 4/4
   555 | D:4      | Killed an ogre
   555 | D:4      | Reached skill level 6 in Axes
   568 | D:5      | Entered Level 5 of the Dungeon
   607 | D:6      | Reached skill level 7 in Axes
   607 | D:6      | Reached XP level 6. HP: 29/55 MP: 4/4
   684 | D:6      | Noticed an ice beast
   693 | D:6      | Reached skill level 8 in Axes
   708 | D:6      | Killed an ice beast
   708 | D:6      | Reached XP level 7. HP: 52/61 MP: 3/3
   714 | D:6      | Found a basalt altar of Yredelemnul.
   761 | D:6      | Reached skill level 9 in Axes
   771 | D:6      | Gained mutation: You cannot study or cast Earth magic. [Ru
                  | sacrifice]
   771 | D:6      | Gained mutation: You cannot study or cast Transmutations
                  | magic. [Ru sacrifice]
   771 | D:6      | Gained mutation: You cannot study or cast Necromancy magic.
                  | [Ru sacrifice]
   771 | D:6      | Reached * piety under Ru
  1016 | D:7      | Reached skill level 1 in Spellcasting
  1021 | D:7      | Reached XP level 8. HP: 58/69 MP: 5/5
  1023 | D:7      | Reached skill level 10 in Axes
  1051 | D:7      | Found a staircase to the Ecumenical Temple.
  1133 | D:8      | Noticed a hippogriff
  1149 | D:8      | Killed a hippogriff
  1291 | D:8      | Reached skill level 11 in Axes
  1357 | D:10     | Entered Level 10 of the Dungeon
  1391 | D:10     | Noticed a purple ugly thing
  1411 | D:10     | Killed a purple ugly thing
  1411 | D:10     | Reached skill level 5 in Fighting
  1411 | D:10     | Gained mutation: You passively map the area around you.
                  | [Deep Dwarf growth]
  1411 | D:10     | Reached XP level 9. HP: 52/81 MP: 9/9
  1454 | D:9      | Found a bloodstained altar of Trog.
  1454 | D:9      | Noticed Maurice
  1459 | D:9      | Killed Maurice
  1459 | D:9      | Reached skill level 12 in Axes
  1597 | D:10     | Noticed a troll
  1620 | D:10     | Killed a troll
  1620 | D:10     | Reached skill level 13 in Axes
  1626 | D:10     | Gained mutation: You are sensitive to extremes of
                  | temperature. (rF-, rC-) [Ru sacrifice]
  1626 | D:10     | Reached ** piety under Ru
  1626 | D:10     | Reached *** piety under Ru
  1626 | D:10     | Reached **** piety under Ru
  1688 | D:11     | Reached XP level 10. HP: 67/91 MP: 7/7
  1756 | D:11     | Noticed an eight-headed hydra
  1779 | D:12     | Found Kehyges's Armour Boutique.
  1788 | D:12     | Bought a +1 pair of boots of rampaging for 264 gold pieces
  1876 | D:12     | Noticed a death yak
  1878 | D:12     | Noticed a death yak
  1895 | D:12     | Reached skill level 14 in Axes
  2059 | D:12     | Noticed an orc knight
  2075 | D:12     | Reached skill level 1 in Evocations
  2082 | D:12     | Found a staircase to the Orcish Mines.
  2086 | D:12     | Killed an orc knight
  2102 | Orc:1    | Entered Level 1 of the Orcish Mines
  2146 | Orc:1    | Found Koumum's Gadget Emporium.
  2164 | Orc:1    | Bought a condenser vane (2/2) for 260 gold pieces
  2216 | Orc:1    | Noticed an orc knight
  2218 | Orc:1    | Found a flagged portal.
  2243 | Orc:1    | Killed an orc knight
  2244 | Orc:1    | Found Citudar's Antique Weapon Shoppe.
  2256 | Orc:1    | Found Ynox's Armour Boutique.
  2259 | Orc:1    | Found Yxeives's Book Shoppe.
  2398 | Orc:2    | Entered Level 2 of the Orcish Mines
  2402 | Orc:2    | Found a staircase to the Elven Halls.
  2420 | Orc:2    | Reached skill level 15 in Axes
  2437 | Orc:1    | Found Fumung's Distillery.
  2438 | Orc:1    | Gained mutation: You cannot train Armour skill. [Ru
                  | sacrifice]
  2438 | Orc:1    | Reached ***** piety under Ru
  2449 | Orc:1    | Bought a potion of mutation for 104 gold pieces
  2488 | Orc:2    | Found a roughly hewn altar of Beogh.
  2509 | Orc:2    | Gained mutation: Armour fits poorly on your strangely
                  | shaped body. [potion of mutation]
  2509 | Orc:2    | Gained mutation: Scrolls take you a little longer to read.
                  | [potion of mutation]
  2509 | Orc:2    | Gained mutation: You are partially covered in large bone
                  | plates. (SH +4) [potion of mutation]
  2510 | Orc:2    | Lost mutation: You are partially covered in large bone
                  | plates. (SH +4) [potion of mutation]
  2510 | Orc:2    | Lost mutation: Armour fits poorly on your strangely shaped
                  | body. [potion of mutation]
  2510 | Orc:2    | Lost mutation: Scrolls take you a little longer to read.
                  | [potion of mutation]
  2510 | Orc:2    | Gained mutation: You possess an exceptional clarity of
                  | mind. [potion of mutation]
  2510 | Orc:2    | Gained mutation: You have very sharp teeth. [potion of
                  | mutation]
  2549 | Orc:2    | Reached skill level 5 in Evocations
  2558 | Orc:2    | Reached XP level 11. HP: 62/97 MP: 6/6
  2686 | Orc:2    | Noticed an orc high priest
  2686 | Orc:2    | Noticed an orc high priest
  2686 | Orc:2    | Noticed an orc high priest
  2686 | Orc:2    | Noticed an orc knight
  2686 | Orc:2    | Noticed an orc knight
  2687 | Orc:2    | Found Ajabits's Jewellery Shoppe.
  2687 | Orc:2    | Found Cycaatufan's Jewellery Shoppe.
  2687 | Orc:2    | Noticed an orc knight
  2687 | Orc:2    | Noticed an orc knight
  2687 | Orc:2    | Noticed an orc sorcerer
  2687 | Orc:2    | Noticed an orc sorcerer
  2687 | Orc:2    | Noticed an orc sorcerer
  2687 | Orc:2    | Noticed an orc sorcerer
  2693 | Orc:2    | Killed an orc sorcerer
  2693 | Orc:2    | Reached skill level 1 in Dodging
  2693 | Orc:2    | Killed an orc sorcerer
  2695 | Orc:2    | Killed an orc high priest
  2696 | Orc:2    | Killed an orc high priest
  2696 | Orc:2    | Reached skill level 5 in Shields
  2696 | Orc:2    | Killed an orc high priest
  2698 | Orc:2    | Killed an orc knight
  2698 | Orc:2    | Killed an orc knight
  2699 | Orc:2    | Killed an orc knight
  2699 | Orc:2    | Killed an orc sorcerer
  2703 | Orc:2    | Killed an orc knight
  2707 | Orc:2    | Killed an orc sorcerer
  2711 | Orc:2    | Found Zuox Neck's Armour Boutique.
  2711 | Orc:2    | Found Osaiqo's Jewellery Boutique.
  2740 | Orc:2    | Bought an uncursed ring of poison resistance for 300 gold
                  | pieces
  2752 | Orc:2    | Bought an uncursed ring of protection from fire for 300
                  | gold pieces
  2996 | D:11     | Killed an eight-headed hydra
  3066 | D:9      | Noticed Gastronok
  3092 | D:9      | Killed Gastronok
  3092 | D:9      | Reached skill level 5 in Spellcasting
  3092 | D:9      | Reached XP level 12. HP: 68/109 MP: 8/8
  3123 | D:9      | Found a staircase to the Lair.
  3128 | Lair:1   | Entered Level 1 of the Lair of Beasts
  3146 | Lair:1   | Reached skill level 16 in Axes
  3304 | Lair:4   | Found a staircase to the Snake Pit.
  3343 | Lair:4   | Reached skill level 5 in Dodging
  3360 | Lair:4   | Found a runed translucent door.
  3360 | Lair:4   | Noticed Quyjis's ghost (journeyman DDGl)
  3374 | Lair:4   | Noticed a death yak
  3377 | Lair:4   | Noticed a death yak
  3378 | Lair:4   | Noticed a death yak
  3378 | Lair:4   | Noticed a death yak
  3387 | Lair:4   | Killed a death yak
  3393 | Lair:4   | Killed a death yak
  3395 | Lair:4   | Killed a death yak
  3404 | Lair:4   | Paralysed by a hornet for 2 turns
  3415 | Lair:4   | Reached XP level 13. HP: 64/117 MP: 10/10
  3442 | Lair:4   | Got a pitted ring mail
  3508 | Lair:4   | Reached skill level 17 in Axes
  3649 | Lair:4   | Found a staircase to the Swamp.
  3665 | Lair:4   | Found a gate leading to a gauntlet.
  3674 | Gauntlet | Entered a Gauntlet
  3674 | Gauntlet | Found a transporter.
  3674 | Gauntlet | Found a transporter.
  3674 | Gauntlet | Found a transporter.
  3683 | Gauntlet | Found a transporter.
  3693 | Gauntlet | Found a transporter.
  3701 | Gauntlet | Found a transporter.
  3702 | Gauntlet | Found a transporter.
  3747 | Gauntlet | Found a transporter.
  3748 | Gauntlet | Found the +0 pair of fencer's gloves {Riposte Dex+3}
  3780 | Gauntlet | Found a transporter.
  3786 | Gauntlet | Noticed a minotaur
  3810 | Gauntlet | Killed a minotaur
  3835 | Lair:4   | Identified the +1 ring mail of Anaesthesia {rPois rF+
                  | Int+4} (You found it on level 4 of the Lair of Beasts)
  3889 | Snake:1  | Entered Level 1 of the Snake Pit
  3955 | Snake:1  | Noticed Frances
  4097 | Snake:4  | Entered Level 4 of the Snake Pit
  4145 | Snake:4  | Noticed a nagaraja
  4146 | Snake:4  | Noticed a nagaraja
  4147 | Snake:4  | Gained mutation: You resist negative energy. (rN+) [Deep
                  | Dwarf growth]
  4147 | Snake:4  | Reached XP level 14. HP: 105/127 MP: 9/11
  4147 | Snake:4  | Noticed a nagaraja
  4153 | Snake:4  | Reached skill level 18 in Axes
  4154 | Snake:4  | Killed a nagaraja
  4158 | Snake:4  | Reached skill level 10 in Evocations
  4165 | Snake:4  | Killed a nagaraja
  4177 | Snake:4  | Noticed a nagaraja
  4182 | Snake:4  | Killed a nagaraja
  4189 | Snake:4  | Noticed a nagaraja
  4193 | Snake:4  | Got a serpentine rune of Zot
  4195 | Snake:4  | Noticed a nagaraja
  4198 | Snake:4  | Killed a nagaraja
  4200 | Snake:4  | Reached skill level 10 in Shields
  4201 | Snake:4  | Killed a nagaraja
  4214 | Snake:4  | Killed a nagaraja
  4221 | Snake:4  | Reached XP level 15. HP: 65/138 MP: 11/11
  4386 | Swamp:1  | Entered Level 1 of the Swamp
  4519 | Swamp:3  | Noticed Louise
  4527 | Swamp:3  | Killed Louise
  4533 | Swamp:3  | Noticed Donald
  4553 | Swamp:3  | Killed Donald
  4574 | Swamp:3  | Noticed a thorn hunter
  4590 | Swamp:3  | Killed a thorn hunter
  4594 | Swamp:4  | Entered Level 4 of the Swamp
  4639 | Swamp:4  | Reached skill level 10 in Fighting
  4646 | Swamp:4  | Reached skill level 19 in Axes
  4694 | Swamp:4  | Got a decaying rune of Zot
  4748 | Swamp:3  | Reached skill level 10 in Dodging
  4827 | Lair:3   | Noticed Sonja
  4828 | Lair:3   | Noticed Sonja
  4828 | Lair:3   | Sonja changed into Sonja the rime drake
  4835 | Lair:3   | Killed Sonja the rime drake
  4913 | D:9      | Learned a level 2 spell: Blink
  4945 | D:9      | Gained mutation: Your body sometimes deteriorates upon
                  | taking damage. [mutagenic glow]
  4958 | D:9      | Cast into level 4 of the Abyss (unwielding a weapon of
                  | distortion)
  4962 | Abyss:4  | Gained mutation: Your flesh is heat resistant. (rF+)
                  | [mutagenic glow]
  4975 | Abyss:4  | Gained mutation: Armour fits poorly on your strangely
                  | shaped body. [mutagenic glow]
  5006 | Abyss:4  | Noticed a shadow dragon
  5084 | Abyss:4  | Gained mutation: You cannot drink potions while threatened.
                  | [Ru sacrifice]
  5084 | Abyss:4  | Reached ****** piety under Ru
  5204 | D:9      | Escaped the Abyss
  5218 | D:9      | Found a sparkling altar of Nemelex Xobeh.
  5236 | D:9      | Gained mutation: [You are dopey. (Int -2)] [mutagenic glow]
  5242 | D:9      | Cast into level 2 of the Abyss (unwielding a weapon of
                  | distortion)
  5250 | Abyss:3  | Lost mutation: You possess an exceptional clarity of mind.
                  | [mutagenic glow]
  5263 | Abyss:3  | Gained mutation: You are resistant to hostile enchantments.
                  | (MR+) [mutagenic glow]
  5275 | Abyss:3  | Gained mutation: You tend to lose your temper in combat.
                  | [mutagenic glow]
  5289 | Abyss:3  | Gained mutation: Your body often deteriorates upon taking
                  | damage. [mutagenic glow]
  5290 | Abyss:3  | Noticed a tentacled starspawn
  5296 | Abyss:3  | Lost mutation: [You are very dopey. (Int -4)] [mutagenic
                  | glow]
  5312 | Abyss:4  | Gained mutation: [Your spells are much easier to cast, but
                  | much less powerful.] [mutagenic glow]
  5318 | Abyss:4  | Noticed a thorn hunter
  5322 | Abyss:4  | Gained mutation: You are frail. (-10% HP) [mutagenic glow]
  5326 | Abyss:4  | Noticed a tentacled starspawn
  5339 | Abyss:4  | Gained mutation: Your magical capacity is low. (-10% MP)
                  | [mutagenic glow]
  5341 | Abyss:4  | Slain by an apocalypse crab

Illustrated notes

Levels and vault maps discovered:
D:1:      saegor_arrival_simple_b, layout_loops_cross,
          chequers_serial_rivers_small_3, ebering_dispersal_statue_hall
D:2:      layout_basic, uniq_sigmund
D:3:      layout_basic, fiery_altar_vehumet, nicolae_overflow_crystal_walls,
          gammafunk_ghost_grave, serial_bayou, serial_bayou_pond_d,
          serial_bayou_lagoon_a, serial_bayou_pond_b, serial_bayou_pond_b,
          nicolae_ru_sacrificial_ziggurat
D:4:      layout_loops_cross, okawaru_metal_pillars_3, serial_shops, shop,
          gammafunk_ghost_grave, bloody_makhleb, uniq_purgy
D:5:      layout_basic, lemuel_doored_altar, uniq_grinder, uniq_eustachio
D:6:      layout_rooms, kennysheep_mini, lemuel_crystal_altar, basic_altar,
          zaba_anthole, nrook_campfire
D:7:      layout_basic, minmay_temple_entry_wispy
D:8:      layout_basic, dk_noncrumbling_2
D:9:      layout_rooms, bloody_trog, nemelex_altar_shiori, erik_lair_dragon,
          uniq_maurice, uniq_gastronok
D:10:     layout_big_octagon
D:11:     layout_rooms, grunt_decor_mini_mirrors, minmay_stone_trees_medium
D:12:     fort_yaktaur, layout_irregular_city, orc_david_3, serial_shops, shop
D:13:     layout_stronghold, david_vaults_5, uniq_josephine
Lair:1:   layout_small_grid, beast_lair_carwin_7, lemuel_fruit_fields,
          grunt_megastairs_5, infiniplex_staircase_pool_2
Lair:2:   layout_concentric_octagons, patterned_corridor, grunt_megastairs_3
Lair:3:   layout_concentric_octagons, uniq_snorg, uniq_sonja
Lair:4:   minmay_lair_venomous_thicket, layout_long_grid, swamp_mist,
          minmay_snake_entry_guardpost_large, gauntlet_entry_generic,
          gammafunk_ghost_grave, chequers_serial_rivers_large_b
Lair:5:   layout_layer_cave, grunt_megastairs_2
Swamp:1:  layout_falls_marsh, hangedman_swamp_cone, swamp_pool5,
          cheibrodos_swamp_minitomb
Swamp:2:  layout_falls_marsh, evilmike_swamp_ruin_rubble_2,
          infiniplex_staircase_pool
Swamp:3:  layout_falls_marsh, evilmike_swamp_ruin_rubble_1, swamp_pool1,
          uniq_louise, uniq_donald
Swamp:4:  swamp, layout_basic_swamp, gammafunk_ghost_berserking_beasts,
          swamp_pool2
Snake:1:  layout_chambers, uniq_frances
Snake:2:  layout_rooms, basic_altar
Snake:3:  layout_chambers, uniq_aizul
Snake:4:  snake_pit, layout_rooms
Orc:1:    layout_diamond_mine, enter_bailey_3, serial_shops,
          nicolae_shop_crystal, nicolae_shop_trees, shop, shop_coins, shop
Orc:2:    st_orc_elflike, layout_diamond_mine, basic_altar, nooodl_orcs_dogs
Abyss:4:  base: Swamp:4, evilmike_abyss_exit_15, hangedman_elemental_corridor,
          hangedman_elemental_corridor, hangedman_abyss_batty_box,
          nicolae_abyss_rune_star_stuff, hangedman_abyss_rune_macabre_mess,
          evilmike_abyss_exit_7, evilmike_abyss_exit_16,
          nicolae_abyss_rune_star_stuff,
          evilmike_nicolae_abyss_rune_betentacled_crabyss,
          doesnt_abyss_rune_brain_food, base: D:3,
          nicolae_abyss_rune_left_handed

Skill      XL: |  1  2  3  4  5  6  7  8  9 10 11 12 13 14 15 |
---------------+----------------------------------------------+-----
Axes           | 3 4 5 7 8 9 11 13 15 16 17 18 19 | 19.4
Fighting       | 3 5 6 7 8 9 10 | 10.4
Spellcasting   | 1 3 5 6 7 8 |  8.6
Evocations     | 5 8 9 10 12 | 12.2
Shields        | 4 6 7 9 10 11 | 11.0
Armour         | 0 |  0.0
Dodging        | 4 6 7 9 10 | 10.2

Action                   |  1- 3 |  4- 6 |  7- 9 | 10-12 | 13-15 || total
-------------------------+-------+-------+-------+-------+-------++-------
Melee: War axe           |    81 |    79 |   304 |   348 |   452 ||  1264
       Broad axe         |       |       |       |    27 |       ||    27
       Bite              |       |       |       |    26 |    90 ||   116
Invok: Sacrifice Arcana  |       |       |     1 |       |       ||     1
       Sacrifice Resista |       |       |     1 |       |       ||     1
       Draw Out Power    |       |       |       |    12 |    25 ||    37
       Power Leap        |       |       |       |     3 |     3 ||     6
       Sacrifice Durabil |       |       |       |     1 |       ||     1
       Reject Sacrifices |       |       |       |     1 |       ||     1
       Apocalypse        |       |       |       |       |     2 ||     2
       Sacrifice Drink   |       |       |       |       |     1 ||     1
 Abil: Heal Wounds       |     1 |     5 |     9 |    18 |    29 ||    62
Evoke: Wand              |       |       |     5 |     3 |    10 ||    18
       Condenser vane    |       |       |       |     3 |     7 ||    10
       Tin of tremorston |       |       |       |     2 |    12 ||    14
       Box of beasts     |       |       |       |       |     3 ||     3
  Use: Scroll            |       |       |    13 |     3 |    14 ||    30
       Potion            |       |       |       |     3 |     4 ||     7
 Stab: Distracted        |       |       |     1 |     1 |       ||     2
       Invisible         |       |       |       |     2 |    11 ||    13
       Confused          |       |       |       |     1 |       ||     1
       Paralysed         |       |       |       |     1 |     6 ||     7
Armor: Plate armour      |   134 |    54 |   177 |   228 |   255 ||   848
Dodge: Dodged            |    34 |    20 |    27 |    75 |   193 ||   349
Block: Kite shield       |   108 |    47 |   271 |   337 |   470 ||  1233
       Reflection        |       |       |     9 |    19 |    45 ||    73
       Rpst.: War axe    |       |       |       |       |    18 ||    18
       Unarmed           |       |       |       |       |     1 ||     1

Table legend: (Time is in decaauts)
 A = Elapsed time spent in this place.
 B = Non-inter-level travel time spent in this place.
 C = Inter-level travel time spent in this place.
 D = Time resting spent in this place.
 E = Time spent auto-exploring this place.
 F = Levels seen in this place.
 G = Mean time per level.
                   A        B        C        D        E       F      G
               +--------+--------+--------+--------+--------+-----+--------+
         Total |   5271 |   5111 |    160 |      0 |      0 |  33 |  159.7 |
       Dungeon |   2467 |   2420 |     47 |      0 |      0 |  13 |  189.8 |
          Lair |    733 |    691 |     42 |      0 |      0 |   5 |  146.6 |
         Swamp |    407 |    399 |      8 |      0 |      0 |   4 |  101.8 |
     Snake Pit |    419 |    391 |     28 |      0 |      0 |   4 |  104.8 |
  Orcish Mines |    794 |    760 |     34 |      0 |      0 |   2 |  397.0 |
         Abyss |    317 |    317 |      0 |      0 |      0 |   4 |   79.2 |
      Gauntlet |    131 |    131 |      0 |      0 |      0 |   1 |  131.0 |
               +--------+--------+--------+--------+--------+-----+--------+

Top non-repeatable levels by time:
  Lair:4: 513 daAuts
   Orc:1: 457 daAuts
     D:9: 349 daAuts
   Orc:2: 337 daAuts
    D:12: 315 daAuts
     D:3: 282 daAuts
     D:6: 277 daAuts
 Abyss:4: 267 daAuts
    D:10: 250 daAuts
     D:8: 233 daAuts
 Snake:1: 181 daAuts
     D:4: 176 daAuts
 Snake:4: 158 daAuts
     D:1: 150 daAuts
     D:7: 149 daAuts
